 Seeded DCSS version 0.29.1-15-g9cfb28693d (webtiles) character file.

Game seed: 6390925637214205194 (custom seed)

47 Mickster the Trooper (level 3, 0/24 HPs)
             Began as a Gargoyle Berserker on Feb 23, 2023.
             Was a Believer of Trog.
             Slain by a kobold
             ... wielding a +0 whip
              (3 damage)
             ... on level 2 of the Dungeon.
             The game lasted 00:09:21 (969 turns).

Mickster the Trooper (Gargoyle Berserker)            Turns: 969, Time: 00:09:23

Health: 0/24       AC:  5    Str: 22    XL:     3   Next: 70%
Magic:  3/3        EV: 12    Int:  7    God:    Trog [**....]
Gold:   37         SH:  0    Dex: 15    Spells: 2/2 levels left

rFire   . . .      SeeInvis .   a - +0 spear
rCold   . . .      Faith    .   (no shield)
rNeg    + . .      Spirit   .   b - +0 animal skin
rPois   ∞          Reflect  .   (no helmet)
rElec   +          Harm     .   (no cloak)
rCorr   .          Rampage  .   (no gloves)
Will    .....                   (no boots)
Stlth   ++........              (no amulet)
HPRegen 0.08/turn               c - +6 ring of dexterity
MPRegen 0.08/turn               (no ring)

@: no status effects
A: sickness immunity, AC +3, negative energy resistance 1, electricity
resistance, torment resistance 1, petrification resistance
a: Renounce Religion, Berserk, Trog's Hand


You were on level 2 of the Dungeon.
You worshipped Trog.
Trog was pleased with you.
You visited 1 branch of the dungeon, and saw 2 of its levels.

You collected 37 gold pieces.

Inventory:

Hand Weapons
 a - a +0 spear (weapon)
Missiles
 d - 12 stones (quivered)
Armour
 b - a +0 animal skin (worn)
Jewellery
 c - a +6 ring of dexterity (left hand)


   Skills:
 + Level 3.9 Fighting
 + Level 3.3 Polearms
 + Level 2.3 Armour
 + Level 1.9 Dodging
 + Level 0.5 Stealth


You had 2 spell levels left.
You didn't know any spells.
Your spell library was empty.

Dungeon Overview and Level Annotations

Branches:
Dungeon (2/15)

Altars:


Innate Abilities, Weirdness & Mutations

You are immune to sickness and miasma.
Your stone body is resilient. (AC +3)
You are immune to poison.
You resist negative energy. (rN+)
You are resistant to electric shocks. (rElec)
You are resistant to unholy torment.
You are immune to petrification.


Message History

You hit the jackal.
You kill the jackal!
Trog accepts your kill.
The jackal barely misses you. x2; The jackal bites you.
* * * LOW HITPOINT WARNING * * *
The jackal closely misses you.
You hit the jackal.
The jackal is moderately wounded.
The jackal barely misses you. The jackal bites you.
* * * LOW HITPOINT WARNING * * *
You hit the jackal.
The jackal is almost dead.
The jackal bites you but does no damage. x2
You hit the jackal but do no damage.
The jackal is severely wounded.
The jackal misses you. x2
The jackal bites you but does no damage.
The jackal misses you.
You closely miss the jackal.
The jackal is severely wounded.
The jackal closely misses you. The jackal misses you.
You hit the jackal.
The jackal is almost dead.
The jackal bites you.
* * * LOW HITPOINT WARNING * * *
The jackal misses you. The jackal closely misses you.
The jackal bites you but does no damage.
You hit the jackal.
You kill the jackal!
Trog accepts your kill. The jackal barely misses you.
You barely miss the kobold. The jackal closely misses you.
The kobold barely misses you.
You hit the kobold.
The kobold is severely wounded.
The jackal bites you.
* * * LOW HITPOINT WARNING * * *
An adder comes into view.
The kobold hits you with a +0 whip.
You die...

.# #...# ######..# .#
#...# #...... ## .#
#...#####.....# ...
.###..........#..# ....
..............#..###....
................#......S
....)...................
###.........#....h......
#.###.#####...@###....
#.# #.# ##.#K# ### #.#
#.# #.#.# #.. ..#
#.#.....# ### ###
#....!..# #####.### .#
.. ##


You could see an adder (wandering), a jackal and a kobold.

Vanquished Creatures
  An adder (D:2)
  A dart slug (D:1)
  3 bats (D:1)
  2 endoplasms (D:2)
  A giant cockroach (D:2)
  4 goblins (D:1)
  2 hobgoblins
  6 jackals
  2 kobolds
  A quokka (D:1)
  2 ball pythons (D:1)
  2 frilled lizards
  6 rats
33 creatures vanquished.

Notes
Turn   | Place    | Note
-------+----------+-------------------------------------------
     0 | D:1      | Mickster the Gargoyle Berserker began the quest for the
                  | Orb.
     0 | D:1      | Reached XP level 1. HP: 14/14 MP: 1/1
   109 | D:1      | Reached XP level 2. HP: 18/19 MP: 2/2
   354 | D:1      | Found a faded altar of an unknown god.
   492 | D:1      | Reached XP level 3. HP: 23/24 MP: 3/3
   950 | D:2      | Reached ** piety under Trog
   969 | D:2      | Slain by a kobold

Illustrated notes

Levels and vault maps discovered:
D:1:      mrwooster_arrival_statue, layout_basic, basic_ecumenical_altar
D:2:      layout_loops_cross

Skill      XL: |  1  2 |
---------------+-------+-----
Polearms       | 3 |  3.3
Fighting       | |  3.9
Armour         | |  2.3
Dodging        | |  1.9
Stealth        | |  0.5

Action                   || total
-------------------------++-------
Melee: Spear             ||   117
       Punch             ||     1
Throw: Stone             ||     4
  Use: Scroll            ||     2
       Potion            ||     3
 Stab: Sleeping          ||     1
Armor: Animal skin       ||    68
Dodge: Dodged            ||    96
